 Dungeon Sprint DCSS version 0.20-a0-1101-g1de9d76 (webtiles) character file.

2754 potatolord5000 the Cleaver (level 9, -4/93 HPs)
             Began as a Hill Orc Fighter on May 4, 2017.
             Was an Initiate of Gozag.
             Slain by a deep troll (6 damage)
             ... in the Dungeon (Sprint II: "The Violet Keep of Menkaure").
             The game lasted 00:10:14 (973 turns).

potatolord5000 the Cleaver (Hill Orc Fighter)        Turns: 973, Time: 00:10:16

Health: -4/93      AC: 23    Str: 22    XL:     9   Next: 68%
Magic:  9/9        EV:  6    Int: 13    God:    Gozag
Gold:   534        SH: 12    Dex:  6    Spells: 8/8 levels left

rFire    + + +     SeeInvis +   a - +1 war axe
rCold    + . .     Gourm    .   l - +0 shield {reflect}
rNeg     . . .     Faith    .   c - +0 plate armour
rPois    +         Spirit   .   h - +0 helmet
rElec    +         Reflect  +   m - +0 cloak
rCorr    +         Harm     .   e - +2 pair of gloves {Str+3}
MR       .....     NoTele   +   d - +0 pair of boots "Xate" {rF+++ Str-3 Dex-4 SInv}
Stlth    ..........             (no amulet)
Regen    0.3/turn               (no ring)
MPRegen  0.2/turn               (no ring)

@: brilliant, resistant, gold aura, flying, very slightly contaminated,
invisible (expiring)
A: no striking features
a: Potion Petition, Call Merchant, Bribe Branch, Renounce Religion


You were in the Dungeon.
You worshipped Gozag.
Gozag was pleased with you.
You were full.

You visited 1 branch You collected 1476 gold pieces.
You spent 942 gold pieces at shops.

Inventory:

Hand Weapons
 a - a +1 war axe (weapon)
Armour
 c - a +0 plate armour (worn)
 d - the +0 pair of boots "Xate" (worn) {rF+++ Str-3 Dex-4 SInv}
   (You bought it in a shop in the Dungeon)

   It affects your strength (-3).
   It affects your dexterity (-4).
   It renders you almost immune to fire.
   It lets you see invisible.
 e - a +2 pair of gloves of strength (worn)
 h - a +0 helmet (worn)
 l - a +0 shield of reflection (worn)
 m - a +0 cloak (worn)
Scrolls
 g - 2 scrolls of remove curse
 k - a scroll of blinking
 n - a scroll of enchant armour
 o - a scroll of random uselessness
 s - a scroll of fog
Potions
 i - 5 potions of magic
 q - 2 potions of resistance
 t - 5 potions of flight
Comestibles
 f - 2 bread rations
 v - 4 fruits


   Skills:
 + Level 13.2 Fighting
 + Level 14.0 Axes
 + Level 12.2 Armour
 + Level 12.2 Shields


You had 8 spell levels left.
You didn't know any spells.

Dungeon Overview and Level Annotations

Branches:
Dungeon (1/1)

Altars:
Cheibriados
Dithmenos
Elyvilon
Fedhas
Gozag
Hepliaklqana
Kikubaaqudgha
Makhleb
Nemelex Xobeh
Okawaru
Qazlal
Ru
Sif Muna
Trog
Uskayaw
Vehumet
Wu Jian
Xom
Yredelemnul
Zin
The Shining One
Beogh
Jiyva
Lugonu

Shops:
D ([:[%[!=[!:}?=[(

Annotations:
D exclusion: oklob plant


Message History

* * * LOW HITPOINT WARNING * * *
You hit the deep troll but do no damage.
The deep troll is lightly wounded.
The deep troll bites you but does no damage.
The deep troll claws you.
* * * LOW HITPOINT WARNING * * *
The deep troll claws you but does no damage.
You hit the deep troll.
The deep troll is lightly wounded.
The deep troll bites you but does no damage.
The deep troll claws you!
* * * LOW HITPOINT WARNING * * *
The deep troll claws you but does no damage.
You slash the deep troll!
The deep troll is heavily wounded.
The deep troll bites you.
* * * LOW HITPOINT WARNING * * *
The deep troll claws you.
You die...
Your body crumbles into a pile of gold.

#..÷##▓▓▓▓▓▓▓'▓▓▓▓+▓
)≈≈≈≈≈≈≈≈≈≈≈≈...≈≈≈▓$ $
÷#'########+###VX≈≈▓ $
≈#._._._..#§≈≈##≈≈≈▓ $
≈#.._._._.#§§§§####▓▓
≈#._._._._#≈§§§§##§§#$$
≈#_._._._.#≈§≈§≈§#§§#$
≈#._._._..#§§§§§≈T§$+$$
≈#_._._...#≈§§§≈@#$ $
§#._._....#§§§§§≈▓$$ $$
§#_._.....#≈§≈§▓▓▓
§##########≈§≈≈▓zzz
##≈≈≈≈≈≈≈≈≈§≈≈≈▓zz.z
##≈########§▓▓▓▓▓▓▓▓
##≈# #▓▓ ≈+≈# $$$ ### $


You could see a deep troll.

Vanquished Creatures
  A deep troll (D)
  A yaktaur (D)
  3 polar bears (D)
  A hornet (D)
  2 hippogriffs (D)
  4 necrophages (D)
  5 crocodiles (D)
  4 worker ants (D)
  2 worms (D)
23 creatures vanquished.

Vanquished Creatures (others)
  Menkaure (D)
  16 tentacles (D)
17 creatures vanquished.

Grand Total: 40 creatures vanquished

Notes
Turn   | Place    | Note
-------+----------+-------------------------------------------
     0 | D        | potatolord5000 the Hill Orc Fighter began the quest for the Orb.
     0 | D        | Reached XP level 1. HP: 19/19 MP: 1/1
     9 | D        | Killed Menkaure
    10 | D        | Reached skill level 3 in Axes
    17 | D        | Reached XP level 2. HP: 24/27 MP: 2/2
    34 | D        | Reached skill level 5 in Fighting
    34 | D        | Reached skill level 4 in Axes
    34 | D        | Reached XP level 3. HP: 20/36 MP: 3/3
    42 | D        | Reached skill level 5 in Axes
    42 | D        | Reached skill level 5 in Armour
    42 | D        | Reached skill level 5 in Shields
    48 | D        | Reached skill level 6 in Axes
    48 | D        | Reached XP level 4. HP: 16/44 MP: 4/4
   342 | D        | Noticed a hippogriff
   342 | D        | Noticed a hippogriff
   347 | D        | Killed a hippogriff
   347 | D        | Reached skill level 8 in Axes
   347 | D        | Reached XP level 5. HP: 33/56 MP: 5/5
   347 | D        | Reached XP level 6. HP: 37/62 MP: 6/6
   353 | D        | Killed a hippogriff
   353 | D        | Reached skill level 9 in Axes
   353 | D        | Reached XP level 7. HP: 37/70 MP: 7/7
   364 | D        | Reached skill level 10 in Axes
   366 | D        | Reached skill level 10 in Fighting
   379 | D        | Reached skill level 11 in Axes
   403 | D        | Found Dourarif's Jewellery Shoppe.
   403 | D        | Found Qatzischi's Antique Armour Shoppe.
   403 | D        | Found Tufranel's Gadget Emporium.
   403 | D        | Found Boxucef's Magic Scroll Emporium.
   403 | D        | Found Ihil's Distillery.
   403 | D        | Found Hyc Uria's Book Shoppe.
   404 | D        | Found Gyobu's Antique Armour Shoppe.
   404 | D        | Found Noyblalu's Jewellery Emporium.
   405 | D        | Found Gitt's Distillery.
   405 | D        | Found Iphotul's Armour Emporium.
   406 | D        | Found Bamil's Antique Weapon Emporium.
   407 | D        | Found Ahemett's Food Shoppe.
   407 | D        | Found Zapsal's Antique Armour Emporium.
   407 | D        | Noticed an oklob plant
   407 | D        | Noticed a wyvern
   408 | D        | Found Wukeusou's Armour Shoppe.
   408 | D        | Found Lotzybil's Weapon Emporium.
   408 | D        | Found Echome Temip's Book Shoppe.
   411 | D        | Noticed a wyvern
   420 | D        | Bought a pair of ancient boots for 199 gold pieces
   420 | D        | Bought a pair of glowing gloves for 157 gold pieces
   420 | D        | Bought a helmet for 94 gold pieces
   425 | D        | Identified the +0 pair of boots "Xate" {rF+++ Str-3 Dex-4 SInv} (You bought it in a shop in the Dungeon)
   438 | D        | Noticed a redback
   439 | D        | Bought a shiny shield for 135 gold pieces
   439 | D        | Bought a cloak for 81 gold pieces
   456 | D        | Noticed a redback
   471 | D        | Bought a +0 plate armour for 276 gold pieces
   494 | D        | Reached XP level 8. HP: 57/81 MP: 8/8
   503 | D        | Reached skill level 10 in Armour
   503 | D        | Reached skill level 10 in Shields
   524 | D        | Noticed an orange crystal statue
   537 | D        | Found a glowing silver altar of Zin.
   537 | D        | Found a radiant altar of Vehumet.
   537 | D        | Found an iron altar of Okawaru.
   538 | D        | Found a basalt altar of Yredelemnul.
   538 | D        | Found a glowing golden altar of the Shining One.
   538 | D        | Found a hide-covered altar of Uskayaw.
   538 | D        | Found a sparkling altar of Nemelex Xobeh.
   539 | D        | Found a shimmering altar of Xom.
   539 | D        | Found a bloodstained altar of Trog.
   539 | D        | Found a burning altar of Makhleb.
   539 | D        | Found an opulent altar of Gozag.
   540 | D        | Found a deep blue altar of Sif Muna.
   540 | D        | Found an ornate altar of the Wu Jian Council.
   540 | D        | Found a corrupted altar of Lugonu.
   540 | D        | Found a blossoming altar of Fedhas.
   541 | D        | Found a sacrificial altar of Ru.
   541 | D        | Found an ancient bone altar of Kikubaaqudgha.
   541 | D        | Found a white marble altar of Elyvilon.
   541 | D        | Noticed a polar bear
   542 | D        | Noticed a polar bear
   542 | D        | Found a viscous altar of Jiyva.
   542 | D        | Found a stormy altar of Qazlal.
   542 | D        | Found a shadowy altar of Dithmenos.
   545 | D        | Noticed a hornet
   548 | D        | Noticed a yaktaur
   549 | D        | Killed a polar bear
   553 | D        | Killed a polar bear
   553 | D        | Reached skill level 12 in Axes
   554 | D        | Killed a hornet
   560 | D        | Killed a yaktaur
   560 | D        | Reached XP level 9. HP: 90/90 MP: 9/9
   561 | D        | Found a hazy altar of Hepliaklqana.
   561 | D        | Found a snail-covered altar of Cheibriados.
   562 | D        | Noticed a polar bear
   562 | D        | Found a roughly hewn altar of Beogh.
   576 | D        | Killed a polar bear
   576 | D        | Reached skill level 13 in Axes
   589 | D        | Became a worshipper of Gozag Ym Sagoz the Greedy
   608 | D        | Noticed a kraken
   953 | D        | Noticed a deep troll
   954 | D        | Noticed a deep troll
   961 | D        | Killed a deep troll
   961 | D        | Reached skill level 14 in Axes
   973 | D        | HP: 2/93 [deep troll (5)]
   973 | D        | Slain by a deep troll

Vault maps used:
D:        the_violet_keep_of_menkaure

Skill      XL: |  1  2  3  4  5  6  7  8  9 |
---------------+----------------------------+-----
Fighting       | 4 5 6 8 9 10 12 13 | 13.2
Axes           | 3 4 6 8 9 11 12 14 | 14.0
Armour         | 4 5 7 8 9 11 12 | 12.2
Shields        | 4 5 7 8 9 11 12 | 12.2

Action                   |  1- 3 |  4- 6 |  7- 9 || total
-------------------------+-------+-------+-------++-------
Melee: War axe           |    32 |    14 |   113 ||   159
  Use: Potion            |     2 |     1 |     7 ||    10
       Scroll            |       |       |     9 ||     9
  Eat: Meat ration       |       |       |     1 ||     1
Armor: Scale mail        |     3 |    11 |     8 ||    22
       Plate armour      |       |       |    71 ||    71
Dodge: Dodged            |    10 |     4 |    21 ||    35
Block: Shield            |     6 |     8 |    75 ||    89
       Reflection        |       |       |     1 ||     1
